 Dungeon Crawl Stone Soup version 0.29.1-1-gd02db6906a (webtiles) character file.

Game seed: 2455145507608135869

49 Earthwalker the Covered (level 3, -4/33 HPs)
             Began as a Minotaur Fighter on Oct 13, 2022.
             Killed by nerve-wracking pain
             ... invoked by Grinder
              (6 damage)
             ... on level 3 of the Dungeon.
             The game lasted 00:02:33 (1961 turns).

Earthwalker the Covered (Minotaur Fighter)          Turns: 1961, Time: 00:02:33

Health: -4/33      AC:  9    Str: 22    XL:     3   Next: 53%
Magic:  2/2        EV:  9    Int:  5    God:
Gold:   131        SH:  5    Dex: 12    Spells: 2/2 levels left

rFire   . . .      SeeInvis .   a - +0 war axe
rCold   . . .      Faith    .   c - +0 buckler
rNeg    . . .      Spirit   .   b - +0 scale mail
rPois   .          Reflect  .   (helmet restricted)
rElec   .          Harm     .   (no cloak)
rCorr   .          Rampage  .   q - +1 pair of gloves {Dex+3}
Will    .....                   (no boots)
Stlth   ..........              (no amulet)
HPRegen 0.11/turn               (no ring)
MPRegen 0.08/turn               (no ring)

@: no status effects
A: horns 2, retaliatory headbutt
a: no special abilities


You were on level 3 of the Dungeon.
You visited 1 branch of the dungeon, and saw 3 of its levels.

You collected 131 gold pieces.

Inventory:

Hand Weapons
 a - a +0 war axe (weapon)
Missiles
 i - 5 boomerangs of dispersal (quivered)
 l - 8 stones
Armour
 b - a +0 scale mail (worn)
 c - a +0 buckler (worn)
 q - a +1 pair of gloves of dexterity (worn)
Jewellery
 p - an amulet of faith
Scrolls
 e - 2 scrolls of poison {unknown}
 f - a scroll of fear {unknown}
 g - a scroll of identify {unknown}
 j - a scroll of enchant armour {unknown}
 o - 3 scrolls of summoning {unknown}
Potions
 d - 2 potions of might
 h - a potion of magic {unknown}
 k - a potion of lignification {unknown}
 m - a potion of curing {unknown}
 n - a potion of ambrosia {unknown}


   Skills:
 * Level 4.1 Fighting
 * Level 3.1 Axes
 * Level 4.1 Armour
 * Level 1.2 Dodging
 * Level 4.0 Shields


You had 2 spell levels left.
You didn't know any spells.
Your spell library was empty.

Dungeon Overview and Level Annotations

Branches:
Dungeon (3/15)

Altars:

Annotations:
D:3 Grinder


Innate Abilities, Weirdness & Mutations

You have a pair of horns on your head.
You reflexively headbutt those who attack you in melee.


Message History

Grinder is lightly wounded.
Grinder hits you!
You writhe in agony.
* * * LOW HITPOINT WARNING * * *
You are too injured to fight recklessly!
You are too injured to fight recklessly!
You are too injured to fight recklessly!
You are too injured to fight recklessly!
You are too injured to fight recklessly!
You hit Grinder.
Grinder is lightly wounded.
Grinder hits you but does no damage. Grinder closely misses you.
You closely miss Grinder.
Grinder is lightly wounded.
Grinder says, "Wait up."
Grinder blinks!
You barely miss the endoplasm. The endoplasm freezes you.
You are frozen.
* * * LOW HITPOINT WARNING * * *
Grinder rolls her eyes.
The endoplasm freezes you.
You are frozen.
* * * LOW HITPOINT WARNING * * *
You hit the endoplasm.
You kill the endoplasm!
You completely miss Grinder.
Grinder is lightly wounded.
Grinder barely misses you.
You hit Grinder.
Grinder is moderately wounded.
Grinder blinks! x2
Grinder barely misses you.
You closely miss Grinder.
Grinder is moderately wounded.
You block Grinder's attack.
You closely miss Grinder. You headbutt Grinder.
Grinder is moderately wounded.
Grinder gestures at you. Pain shoots through your body!
You die...

### #.. #.#
#.# #.#
###.######.
#<5........
#.#@######
#.#.# #.#.#
#.#.# #.#.#
#.#.# #.#..
#.### #.#


You could see Grinder.

Vanquished Creatures
  An adder (D:2)
  A worm (D:2)
  2 dart slugs (D:2)
  2 endoplasms
  A giant cockroach (D:2)
  2 goblins
  3 hobgoblins
  3 kobolds (D:1)
  5 quokkas (D:1)
  4 ball pythons
  3 bats
  3 frilled lizards
  3 rats (D:1)
33 creatures vanquished.

Vanquished Creatures (others)
  A fungus (D:2)
  A plant (D:2)
2 creatures vanquished.

Grand Total: 35 creatures vanquished

Notes
Turn   | Place    | Note
-------+----------+-------------------------------------------
     0 | D:1      | Earthwalker the Minotaur Fighter began the quest for the
                  | Orb.
     0 | D:1      | Reached XP level 1. HP: 19/19 MP: 0/0
   256 | D:1      | Reached XP level 2. HP: 26/27 MP: 1/1
   877 | D:2      | Reached skill level 1 in Dodging
   877 | D:2      | Reached XP level 3. HP: 32/33 MP: 2/2
  1519 | D:2      | Found a faded altar of an unknown god.
  1946 | D:3      | Noticed Grinder
  1954 | D:3      | HP: 1/33 [frozen (2)]
  1961 | D:3      | Killed from afar by Grinder

Illustrated notes

Levels and vault maps discovered:
D:1:      elethiomel_arrival_maze, layout_rooms, hangedman_feature_mirror,
          feat_on_display
D:2:      layout_loops_corners, dreamdust_ecumenical_altar_hidden_monk_grotto,
          kennysheep_path_1, kennysheep_cluttered_room
D:3:      layout_loops_ring, uniq_grinder

Skill      XL: |  1  2  3 |
---------------+----------+-----
Fighting       | 4 |  4.1
Armour         | 4 |  4.1
Dodging        | 1 |  1.2
Shields        | 4 |  4.0
Axes           | 3 |  3.1

Action                   || total
-------------------------++-------
Melee: War axe           ||    70
       Headbutt          ||     8
Armor: Scale mail        ||    30
Dodge: Dodged            ||    33
Block: Buckler           ||    20
